 Dungeon Crawl Stone Soup version 0.30-a0-722-g3e6e8c874d (webtiles) character file.

Game seed: 118711469409613506

20830 Lobster4 the Protected (level 12, -3/110 HPs)
             Began as a Hill Orc Fighter on Jan 27, 2023.
             Was an Elder of Makhleb.
             Slain by a death scarab (18 damage)
             ... in a Gauntlet.
             The game lasted 00:32:57 (12850 turns).

Lobster4 the Protected (Hill Orc Fighter)          Turns: 12850, Time: 00:32:57

Health: -3/110     AC: 21    Str: 28    XL:     12   Next: 83%
Magic:  16/16      EV: 17    Int:  8    God:    Makhleb [****..]
Gold:   988        SH:  6    Dex: 10    Spells: 16/17 levels left

rFire   . . .      SeeInvis +    a - +6 hand axe of Severance {freeze, Str+4 SInv}
rCold   + . .      Faith    .    c - +0 buckler
rNeg    + . .      Spirit   .    F - +0 acid dragon scales
rPois   .          Reflect  .    b - +2 helmet {SInv}
rElec   .          Harm     .    p - +2 cloak
rCorr   +          Rampage  .    h - +1 pair of gloves
Will    +....      NoTele   +    s - +0 pair of boots
Stlth   +                        e - amulet of magic regeneration
HPRegen 0.38/turn                n - +5 ring of evasion
MPRegen 0.55/turn                O - ring "Esiwao" {rC+ rN+ Will+ Slay+2}

@: mighty, slowed, studying 2 skills, very slow
A: no striking features
a: Renounce Religion, Minor Destruction, Lesser Servant of Makhleb, Major
Destruction


You were in a Gauntlet.
You worshipped Makhleb.
Makhleb was greatly pleased with you.
You visited 4 branches of the dungeon, and saw 15 of its levels.
You also visited: Gauntlet and Ice Cave.

You collected 988 gold pieces.

Inventory:

Hand Weapons
 a - the +6 hand axe of Severance (weapon) {freeze, Str+4 SInv}
   (You found it on level 3 of the Dungeon)

   Str:       It affects your strength (+4).
   SInv:      It lets you see invisible.
 o - a +1 spear of flaming
 q - a +1 war axe of venom
 x - a +0 flail of protection
 N - a +4 war axe
Missiles
 i - 8 boomerangs (quivered)
 m - 2 silver boomerangs
 u - 25 poisoned darts
 y - 4 curare-tipped darts
 E - 3 javelins
Armour
 b - a +2 helmet of see invisible (worn)
 c - a +0 buckler (worn)
 h - a +1 pair of gloves (worn)
 p - a +2 cloak (worn)
 s - a +0 pair of boots (worn)
 w - a scarf of repulsion
 F - +0 acid dragon scales (worn)
 I - a +0 chain mail
 R - the +1 hat of the Imp {Int+4}
   (You found it in a Gauntlet)

   Int:       It affects your intelligence (+4).
Magical Staves
 P - a staff of conjuration
Jewellery
 e - an amulet of magic regeneration (around neck)
 k - a ring of resist corrosion
 n - a +5 ring of evasion (left hand)
 v - a ring of willpower
 O - the ring "Esiwao" (right hand) {rC+ rN+ Will+ Slay+2}
   (You found it in a Gauntlet)

   [ring of willpower]

   Slay:      It affects your accuracy & damage with ranged weapons and melee
   (+2).
   rC:        It protects you from cold.
   rN:        It protects you from negative energy.
   Will:      It increases your willpower.
 Q - an amulet of faith
Wands
 D - a wand of charming (19)
 H - a wand of light (8)
Scrolls
 l - a scroll of enchant armour
 r - 5 scrolls of teleportation
 t - 2 scrolls of enchant weapon
 J - a scroll of poison
 K - 2 scrolls of fear
 M - a scroll of blinking
Potions
 d - 3 potions of might
 f - 6 potions of curing
 g - 3 potions of invisibility
 j - 4 potions of haste
 z - 4 potions of cancellation
 A - 4 potions of brilliance
 B - a potion of lignification
 C - 2 potions of heal wounds
 G - a potion of resistance
 L - a potion of flight


   Skills:
 + Level 11.5 Fighting
 + Level 12.3 Axes
 - Level 5.0 Throwing
 + Level 13.7 Armour
 - Level 5.0 Dodging
 + Level 10.6 Shields
 - Level 3.0 Spellcasting
 - Level 3.0 Conjurations
 + Level 3.8 Invocations
 - Level 3.0 Evocations


You had 16 spell levels left.
You knew the following spells:

 Your Spells              Type           Power      Damage    Failure   Level
a - Magic Dart            Conj           24%        1d4       13%         1

Your spell library contained the following spells:

 Spells                   Type           Power      Damage    Failure   Level
 Searing Ray              Conj           12%        2d4       19%         2
 Momentum Strike          Conj/Tloc      6%         3d8       34%         2
 Static Discharge         Conj/Air       6%         2-3/arc   34%         2
 Blink                    Tloc           2%         N/A       54%         2
 Ensorcelled Hibernation  Hex/Ice        2%         N/A       54%         2
 Lesser Beckoning         Tloc           2%         N/A       54%         2
 Passwall                 Tmut/Erth      0%         N/A       54%         2
 Frozen Ramparts          Ice            2%         1d1       78%         3
 Ignite Poison            Fire/Tmut/Pois 1%         N/A       78%         3
 Kindle Blastsparks       Fire/Tloc/Air  2%         2d10      78%         3
 Spider Form              Tmut/Pois      1%         N/A       78%         3
 Swiftness                Air            1%         N/A       78%         3
 Vhi's Electric Charge    Tloc/Air       2%         N/A       78%         3
 Fulminant Prism          Conj/Hex       1%         3d5       93%         4
 Anguish                  Hex/Necr       0%         N/A       99%         4
 Ice Form                 Ice/Tmut       1%         N/A       99%         4
 Summon Ice Beast         Ice/Summ       1%         N/A       99%         4
 Arcjolt                  Conj/Air       1%         1d11      100%        5
 Freezing Cloud           Conj/Ice/Air   1%         6-21      100%        5
 Lightning Bolt           Conj/Air       1%         1d12      100%        5
 Summon Forest            Summ/Tloc      0%         N/A       100%        5
 Summon Mana Viper        Hex/Summ       1%         N/A       100%        5
 Summon Cactus Giant      Summ           0%         N/A       100%        6
 Monstrous Menagerie      Summ           0%         N/A       100%        7


Dungeon Overview and Level Annotations

Branches:
Dungeon (12/15)            Temple (1/1) D:6            Lair (1/5) D:9
    Orc (1/2) D:12          IceCv (visited)         Gauntlet (1/1)

Altars:
Ashenzari
Cheibriados
Dithmenos
Elyvilon
Fedhas
Gozag
Hepliaklqana
Kikubaaqudgha
Makhleb
Nemelex Xobeh
Okawaru
Qazlal
Ru
Sif Muna
Trog
Uskayaw
Vehumet
Wu Jian
Xom
Yredelemnul
Zin
The Shining One

Annotations:
D:2 1 runed translucent door, Crazy Yiuf
D:6 3 runed translucent doors, brightshaft's ghost, novice TrGl
D:7 1 exclusion
D:12 3 runed translucent doors, Geuwk's ghost, journeyman DsTm Gauntlet 7 transporters


Message History

The bolt of light hits the death scarab!
You destroy the death scarab!
Makhleb accepts your kill.
You feel better. The spectral black mamba misses you.
You block the spectral black mamba's attack.
The death scarab bites you.
* * * LOW HITPOINT WARNING * * *
The spectral black mamba barely misses you.
Aiming: Bolt of Light
Press: ? - help, Shift-Dir - straight line, f - spectral elephant
Aim: a spectral elephant (lightly damaged, 100% to hit)
The bolt of light misses the death scarab.
The bolt of light hits the spectral elephant!!
The spectral elephant is heavily damaged.
The spectral elephant is blinded.
The death scarab is no longer blind.
You block the death scarab's attack. The spectral black mamba misses you.
The death scarab bites you.
* * * LOW HITPOINT WARNING * * *
The death scarab drains your vigour!
You feel as though you will be slow longer.
The death scarab draws strength from your injuries!
The spectral black mamba misses you. x2
Blink to where?
Press: ? - help, Dir - move target, p - spectral elephant
As you read the scroll of blinking, it crumbles to dust.
The spectral cane toad misses you.
The death scarab waves its antennae.
The spectral cane toad attacks as you move away!
You block the spectral cane toad's attack.
You block the death scarab's attack. The death scarab closely misses you.
The death scarab bites you!
* * * LOW HITPOINT WARNING * * *
The death scarab completely misses you.
You block the spectral black mamba's attack.
You see here a condenser vane.
The spectral black mamba attacks as you move away!
The spectral black mamba misses you. You block the death scarab's attack.
You see here a potion of haste.
The death scarab bites you!!
You die...

#..#...#.#...#...#..3.#..
###..#..#...#..#...#...#.#.
#8#..#.##...##.#...#3^#.©.#
###..##..#.#..##...#3#..#..
#..#....©..Z.#...##..#.#.
###..##§.#Z#..##...#..#.^.#
#8#..#.#######.#...#3#..#..
###..#..#...#Z.#...##..#.#.
#..#....@B}Z.#...#3!#.©.#
###..###########...########
#8#........................
###≈............≈∩≈........
#########################
#8# §...............≈# ###
#8.8.8..©.©..8.8.8#
#§...............≈#
#.#.#######.#.###


You could see a spectral black mamba, a spectral cane toad, a spectral dream
sheep and a death scarab.

Vanquished Creatures
  Gastronok (D:11)
  A quicksilver ooze (Gauntlet)
  A hydra (D:12)
  2 boulder beetles (D:11)
  3 centaur warriors
  A death scarab (Gauntlet)
  Nergalle (D:11)
  A deep elf pyromancer (D:6)
  An orc knight (Orc:1)
  2 gargoyles
  A cane toad (Lair:1)
  2 komodo dragons
  A queen bee (Gauntlet)
  Grinder (D:6)
  A hornet (D:7)
  A culicivora (shapeshifter) (D:9)
  3 shadows
  A wraith (D:9)
  2 wyverns
  A basilisk (D:11)
  Grum (D:11)
  13 yaks
  13 vampire mosquitoes
  Menkaure (D:5)
  4 wargs
  3 acid dragons
  Edmund (D:4)
  4 water moccasins
  3 black bears
  A sky beast (D:7)
  4 wolves (D:11)
  2 ogres
  9 orc warriors
  6 centaurs
  2 phantoms (D:6)
  3 kobold brigands
  4 bullfrogs
  2 necrophages (D:6)
  A gnoll sergeant (D:8)
  4 scorpions
  13 killer bees
  6 howler monkeys
  4 hounds
  4 jellies
  12 orc priests
  4 iguanas
  7 orc wizards
  Robin (D:3)
  6 adders
  3 gnolls (D:8)
  14 white imps
  2 ufetubi
  3 dart slugs
  43 orcs
  6 ball pythons
  5 endoplasms
  A giant cockroach (D:3)
  11 goblins
  14 hobgoblins
  7 jackals
  5 quokkas
  5 bats
  2 frilled lizards
  20 kobolds
  3 rats
310 creatures vanquished.

Vanquished Creatures (others)
  A centaur (D:7)
  32 demonic plants (Gauntlet)
  6 fungi
  8 plants
47 creatures vanquished.

Grand Total: 357 creatures vanquished

Notes
Turn   | Place    | Note
-------+----------+-------------------------------------------
     0 | D:1      | Lobster4 the Hill Orc Fighter began the quest for the Orb.
     0 | D:1      | Reached XP level 1. HP: 19/19 MP: 1/1
    58 | D:1      | Found a faded altar of an unknown god.
    99 | D:1      | Reached XP level 2. HP: 8/27 MP: 2/2
   398 | D:1      | Reached XP level 3. HP: 29/33 MP: 3/3
  1596 | D:2      | Found a runed translucent door.
  1597 | D:2      | Noticed Crazy Yiuf
  1808 | D:3      | Noticed Robin
  1813 | D:3      | Reached XP level 4. HP: 37/40 MP: 4/4
  1833 | D:3      | Killed Robin
  2062 | D:3      | Found a basalt altar of Yredelemnul.
  2063 | D:3      | Found a broken altar of Ashenzari.
  2166 | D:3      | Reached skill level 4 in Armour
  2177 | D:3      | Identified the +6 hand axe of Severance {freeze, Str+4
                  | SInv}
  2741 | D:4      | Noticed a scorpion
  2741 | D:4      | Noticed a scorpion
  2745 | D:3      | Killed a scorpion
  2746 | D:3      | Reached XP level 5. HP: 45/47 MP: 5/5
  2875 | D:4      | Noticed Edmund
  2883 | D:4      | Killed Edmund
  2884 | D:4      | Reached skill level 5 in Fighting
  2884 | D:4      | Reached XP level 6. HP: 42/56 MP: 6/6
  2886 | D:4      | Reached skill level 5 in Axes
  2896 | D:4      | Reached skill level 5 in Shields
  3158 | D:4      | Reached skill level 5 in Armour
  3158 | D:4      | Reached XP level 7. HP: 55/61 MP: 7/7
  3642 | D:4      | Reached XP level 8. HP: 70/70 MP: 8/8
  3670 | D:5      | Entered Level 5 of the Dungeon
  3885 | D:5      | Noticed Menkaure
  3893 | D:5      | Reached skill level 6 in Armour
  3897 | D:5      | Killed Menkaure
  3898 | D:5      | Reached skill level 1 in Dodging
  4910 | D:6      | Reached skill level 7 in Armour
  4941 | D:6      | Noticed Grinder
  4944 | D:6      | Paralysed by Grinder for 2 turns
  4955 | D:6      | Killed Grinder
  4956 | D:6      | Reached XP level 9. HP: 63/79 MP: 9/9
  5075 | D:6      | Noticed brightshaft's ghost (novice TrGl)
  5076 | D:6      | Found a runed translucent gate.
  5079 | D:6      | Found a runed translucent gate.
  5129 | D:6      | Found a staircase to the Ecumenical Temple.
  5141 | Temple   | Entered the Ecumenical Temple
  5330 | Temple   | Became a worshipper of Makhleb the Destroyer
  5387 | D:6      | Found a runed translucent gate.
  5400 | D:6      | Reached skill level 8 in Armour
  5656 | D:6      | Reached skill level 1 in Invocations
  5798 | D:6      | Noticed a deep elf pyromancer
  5807 | D:6      | Killed a deep elf pyromancer
  5808 | D:6      | Reached skill level 1 in Throwing
  6162 | D:7      | Reached * piety under Makhleb
  6303 | D:7      | Reached skill level 9 in Armour
  6375 | D:7      | Reached XP level 10. HP: 86/88 MP: 12/12
  7283 | D:8      | Found a transporter.
  7286 | D:8      | Found a transporter.
  7365 | D:8      | Found a transporter.
  7380 | D:8      | Found a transporter.
  7433 | D:8      | Reached skill level 10 in Armour
  7728 | D:8      | Found a transporter.
  7760 | D:8      | Found a transporter.
  8041 | D:9      | Reached skill level 1 in Evocations
  8062 | D:9      | Reached ** piety under Makhleb
  8106 | D:9      | Noticed a centaur warrior
  8128 | D:9      | Noticed a centaur warrior
  8147 | D:9      | Reached skill level 10 in Axes
  8161 | D:9      | Killed a centaur warrior
  8162 | D:9      | Reached skill level 11 in Armour
  8162 | D:9      | Reached XP level 11. HP: 97/97 MP: 13/13
  8240 | D:9      | Found a staircase to the Lair.
  8290 | D:9      | Killed a centaur warrior
  8489 | D:9      | Identified the +7 mace "Inwatz" {freeze, Fragile rN+ Str+5
                  | SInv}
  8762 | D:10     | Entered Level 10 of the Dungeon
  8900 | D:10     | Reached skill level 10 in Fighting
  8906 | D:10     | Reached *** piety under Makhleb
  9083 | D:10     | Learned a level 1 spell: Magic Dart
  9447 | D:10     | Reached skill level 12 in Armour
  9729 | D:11     | Noticed a boulder beetle
  9744 | D:11     | Killed a boulder beetle
  9745 | D:11     | Reached skill level 1 in Conjurations
  9760 | D:11     | Noticed a boulder beetle
  9789 | D:11     | Killed a boulder beetle
  9790 | D:11     | Reached skill level 1 in Spellcasting
  9796 | D:11     | Found a frozen archway.
  9926 | IceCv    | Entered an ice cave
 10214 | D:11     | Reached skill level 5 in Throwing
 10240 | D:11     | Noticed Nergalle
 10243 | D:11     | Noticed Gastronok
 10254 | D:11     | Killed Nergalle
 10267 | D:11     | Killed Gastronok
 10268 | D:11     | Reached XP level 12. HP: 55/108 MP: 14/14
 10443 | D:11     | Noticed Grum
 10456 | D:11     | Killed Grum
 10457 | D:11     | Reached skill level 5 in Dodging
 10467 | D:11     | Reached **** piety under Makhleb
 10869 | D:12     | Noticed a centaur warrior
 10883 | D:12     | Reached skill level 10 in Shields
 10888 | D:12     | Killed a centaur warrior
 11049 | D:12     | Noticed an eight-headed hydra
 11065 | D:12     | Killed an eight-headed hydra
 11066 | D:12     | Reached skill level 13 in Armour
 11276 | D:12     | Found a staircase to the Orcish Mines.
 11575 | D:12     | Found a runed translucent gate.
 11575 | D:12     | Found a runed translucent gate.
 11575 | D:12     | Found a runed translucent gate.
 11580 | D:12     | Noticed Geuwk's ghost (journeyman DsTm)
 11941 | Orc:1    | Entered Level 1 of the Orcish Mines
 12232 | Orc:1    | Noticed an orc warlord
 12358 | Lair:1   | Entered Level 1 of the Lair of Beasts
 12409 | Lair:1   | Found a gate leading to a gauntlet.
 12433 | Gauntlet | Entered a Gauntlet
 12433 | Gauntlet | Found a transporter.
 12433 | Gauntlet | Found a transporter.
 12449 | Gauntlet | Found a transporter.
 12453 | Gauntlet | Found a transporter.
 12459 | Gauntlet | Noticed a green death
 12463 | Gauntlet | Found a transporter.
 12467 | Gauntlet | Found a transporter.
 12481 | Gauntlet | Found a transporter.
 12497 | Gauntlet | Noticed a death scarab
 12498 | Gauntlet | Found a transporter.
 12499 | Gauntlet | Noticed a death scarab
 12503 | Gauntlet | Found a transporter.
 12515 | Gauntlet | Noticed a quicksilver ooze
 12521 | Gauntlet | Found a transporter.
 12521 | Gauntlet | Found a transporter.
 12521 | Gauntlet | Found a transporter.
 12669 | Gauntlet | Identified the ring "Esiwao" {rC+ rN+ Will+ Slay+2}
 12687 | Gauntlet | Killed a quicksilver ooze
 12833 | Gauntlet | Identified the +1 hat of the Imp {Int+4}
 12842 | Gauntlet | Killed a death scarab
 12850 | Gauntlet | Slain by a death scarab

Illustrated notes

Levels and vault maps discovered:
D:1:      psy_arrival_radial02, layout_rooms,
          shapermc_ecumenical_altar_mp_ritualfount, minmay_pentomino_x2
D:2:      layout_basic, roderic_lattice_a, uniq_crazy_yiuf_cottage
D:3:      layout_loops_corners, nicolae_overflow_squiral, minmay_liquid_box,
          uniq_robin
D:4:      layout_loops_ring, minmay_misc_feat_ornament, st_stairs_10,
          minmay_manual_monstrance, uniq_edmund
D:5:      layout_layer_cave, uniq_menkaure
D:6:      layout_loops_ring, minmay_temple_entry_offerings,
          gammafunk_ghost_split, guppyfry_early_elven_hall, uniq_grinder
D:7:      layout_loops_corners, lemuel_flamethrower_2
D:8:      layout_loops_ring, serial_nicolae_subway, nicolae_sub_station_stone,
          nicolae_sub_station_crystal, nicolae_sub_station_metal
D:9:      layout_rooms, erik_lair_orcish_takeover, minmay_diamond_spiral
D:10:     layout_gridville, chequers_arboretum
D:11:     layout_basic, portal_ice_cave_entry_imps,
          minmay_misc_feat_more_columns, dreamdust_mushroom_princess,
          uniq_gastronok, uniq_nergalle, uniq_grum
D:12:     layout_gridville, david_orc_1_choice, gammafunk_ghost_necromancy
Temple:   nicolae_temple_bog_church
Lair:1:   layout_regular_city, gauntlet_entry_generic
Orc:1:    layout_caves, nicolae_orc_damp_corner
Gauntlet: gammafunk_gauntlet_hard_choice [nicolae_gauntlet_arena_x,
          gammafunk_gauntlet_arena_teeth, gammafunk_gauntlet_arena_hedges,
          nicolae_gauntlet_arena_t_cross, gammafunk_gauntlet_arena_arrow_garden,
          gammafunk_gauntlet_arena_chambers,
          nicolae_gauntlet_exit_dead_adventurers]

Skill      XL: |  1  2  3  4  5  6  7  8  9 10 11 12 |
---------------+-------------------------------------+-----
Axes           | 3 4 5 6 7 8 10 11 12 | 12.3
Fighting       | 4 5 6 7 8 9 10 11 | 11.5
Shields        | 4 5 6 7 8 9 10 | 10.6
Armour         | 4 5 7 9 11 12 13 | 13.7
Dodging        | 2 3 4 5 |  5.0
Invocations    | 3 |  3.8
Throwing       | 2 3 5 |  5.0
Evocations     | 2 3 |  3.0
Conjurations   | 2 3 |  3.0
Spellcasting   | 1 3 |  3.0

Action                     |  1- 3 |  4- 6 |  7- 9 | 10-12 || total
---------------------------+-------+-------+-------+-------++-------
  Melee: War axe           |   100 |    35 |       |    17 ||   152
         Hand axe          |       |    54 |   225 |   530 ||   809
         Flail             |       |       |       |     7 ||     7
  Throw: Dart              |       |       |     8 |    14 ||    22
         Boomerang         |       |       |       |    27 ||    27
         Javelin           |       |       |       |     3 ||     3
  Evoke: Wand              |       |       |       |     3 ||     3
    Use: Scroll            |     9 |     3 |     4 |    14 ||    30
         Potion            |       |       |     2 |     8 ||    10
   Stab: Invisible         |       |       |     2 |       ||     2
         Sleeping          |       |       |     1 |       ||     1
 Armour: Scale mail        |    70 |    37 |   110 |     4 ||   221
         Acid dragon scale |       |       |       |   204 ||   204
  Dodge: Dodged            |    60 |    43 |    89 |   347 ||   539
  Block: Buckler           |    28 |    19 |    37 |   145 ||   229

Table legend: (Time is in decaauts)
 A = Elapsed time spent in this place.
 B = Non-inter-level travel time spent in this place.
 C = Inter-level travel time spent in this place.
 D = Time resting spent in this place.
 E = Time spent auto-exploring this place.
 F = Levels seen in this place.
 G = Mean time per level.
                   A        B        C        D        E       F      G
               +--------+--------+--------+--------+--------+-----+--------+
         Total |  12795 |  12234 |    561 |   1174 |   8790 |  17 |  752.6 |
       Dungeon |  11918 |  11384 |    534 |   1060 |   8399 |  12 |  993.2 |
        Temple |    217 |    191 |     26 |      0 |    172 |   1 |  217.0 |
          Lair |     68 |     68 |      0 |      0 |      0 |   1 |   68.0 |
  Orcish Mines |    159 |    159 |      0 |      0 |     75 |   1 |  159.0 |
      Ice Cave |     15 |     15 |      0 |      0 |      0 |   1 |   15.0 |
      Gauntlet |    416 |    416 |      0 |    114 |    143 |   1 |  416.0 |
               +--------+--------+--------+--------+--------+-----+--------+

Top non-repeatable levels by time:
    D:12: 1283 daAuts
     D:5: 1120 daAuts
     D:6: 1103 daAuts
     D:7: 1101 daAuts
     D:2: 1093 daAuts
    D:11: 1066 daAuts
     D:3: 1053 daAuts
    D:10: 954 daAuts
     D:4: 902 daAuts
     D:9: 784 daAuts
     D:8: 772 daAuts
     D:1: 683 daAuts
Gauntlet: 416 daAuts
  Temple: 217 daAuts
   Orc:1: 159 daAuts
